 Dungeon Crawl Stone Soup version 0.28-a0-1159-g27aa881441 (webtiles) character file.

Game seed: 8491741633181015556

7 SensoryNuts the Skirmisher (level 1, 0/18 HPs)
             Began as a Demonspawn Fighter on Dec 15, 2021.
             Constricted to death by a ball python (1 damage)
             ... on level 1 of the Dungeon.
             The game lasted 00:00:21 (316 turns).

SensoryNuts the Skirmisher (Demonspawn Fighter)      Turns: 316, Time: 00:00:22

Health: 0/18       AC:  6    Str: 16    XL:     1   Next: 91%
Magic:  1/1        EV:  6    Int:  9    God:
Gold:   22         SH:  4    Dex: 12    Spells: 0/0 levels left

rFire   . . .      SeeInvis .   a - +0 long sword
rCold   . . .      Faith    .   c - +0 buckler
rNeg    . . .      Spirit   .   b - +0 scale mail
rPois   .          Reflect  .   (no helmet)
rElec   .          Harm     .   (no cloak)
rCorr   .          Rampage  .   (no gloves)
Will    .....                   (no boots)
Stlth   ..........              (no amulet)
HPRegen 0.06/turn               (no ring)
MPRegen 0.07/turn               (no ring)

@: constricted
A: no striking features
a: no special abilities


You were on level 1 of the Dungeon.
You visited 1 branch of the dungeon, and saw 1 of its levels.

You collected 22 gold pieces.

Inventory:

Hand Weapons
 a - a +0 long sword (weapon)
Armour
 b - a +0 scale mail (worn)
 c - a +0 buckler (worn)
Scrolls
 f - 2 scrolls of identify {unknown}
Potions
 d - a potion of might
 e - a potion of mutation {unknown}
 g - a potion of cancellation {unknown}


   Skills:
 + Level 3.1 Fighting
 + Level 2.1 Long Blades
 + Level 2.8 Armour
 + Level 2.7 Shields


You couldn't memorise any spells.
You didn't know any spells.
Your spell library was empty.

Dungeon Overview and Level Annotations

Branches:
Dungeon (1/15)

Altars:


Message History

No target in view!
You open the door.
Found two gnoll skeletons.
There is an open door here.
f - 2 scrolls labelled BUSEGG PIDDI (gained 1)
You open the door.
Found a faded altar of an unknown god.
There is an open door here.
There is an open door here.
There is an open door here.
A kobold comes into view. It is wielding a +0 short sword.
The kobold shouts!
You hear an angry hiss. x2
A hobgoblin comes into view.
A ball python comes into view.
The kobold hits you with a +0 short sword.
You barely miss the kobold.
The kobold hits you with a +0 short sword.
You hit the kobold but do no damage. The kobold hits you but does no damage.
The kobold completely misses you.
A ball python comes into view.
You hit the hobgoblin but do no damage. You block the kobold's attack.
The hobgoblin hits you but does no damage.
You closely miss the hobgoblin. The kobold closely misses you.
You block the hobgoblin's attack.
You hit the hobgoblin.
The hobgoblin is heavily wounded.
The kobold hits you but does no damage.
The hobgoblin hits you but does no damage.
The kobold hits you with a +0 short sword.
The hobgoblin hits you.
* * * LOW HITPOINT WARNING * * *
The hobgoblin hits you but does no damage.
The ball python closely misses you. The ball python grabs you.
The ball python constricts you.
You hit the kobold.
The kobold is heavily wounded.
The kobold hits you with a +0 short sword.
* * * LOW HITPOINT WARNING * * *
You block the ball python's attack. The ball python constricts you.
You die...

...##...##...#
...#.....#...# .#
#............# #.#
#............. #..
##..........#.###..
##............##..##
......♣♣♣..........
#....♣♣_♣♣....#..###
##..♣♣..♣♣♣.....@Kg#
#.)♣♣.♣..P♣♣....S#......#
#.♣♣.PP.P♣.♣♣..#.S........
..♣..P..P.P♣♣.###.........
..♣P###'###P♣.............
..♣♣#.....#♣♣.###.........
..♣÷#..8..#÷♣..##.........
..♣♣#.....#♣♣..##.........
....##♣'♣##....# ....


You could see a hobgoblin, 2 ball pythons and a kobold.

Vanquished Creatures
  An endoplasm (D:1)
  2 bats (D:1)
  A goblin (D:1)
  3 kobolds (D:1)
  A rat (D:1)
8 creatures vanquished.

Notes
Turn   | Place    | Note
-------+----------+-------------------------------------------
     0 | D:1      | SensoryNuts the Demonspawn Fighter began the quest for the
                  | Orb.
     0 | D:1      | Reached XP level 1. HP: 18/18 MP: 1/1
   285 | D:1      | Found a faded altar of an unknown god.
   316 | D:1      | Constricted to death by a ball python

Illustrated notes

Levels and vault maps discovered:
D:1:      sevenhm_arrival_forest_fort_large_4, layout_rooms,
          dilly_ecumenical_altar_fadedgnrine

Skill      XL: |  1 |
---------------+----+-----
Long Blades    | 2 |  2.1
Fighting       | |  3.1
Armour         | |  2.8
Shields        | |  2.7

Action                   || total
-------------------------++-------
Melee: Long sword        ||    33
Armor: Scale mail        ||    16
Dodge: Dodged            ||    17
Block: Buckler           ||     6

Table legend: (Time is in decaauts)
 A = Elapsed time spent in this place.
 B = Non-inter-level travel time spent in this place.
 C = Inter-level travel time spent in this place.
 D = Time resting spent in this place.
 E = Time spent auto-exploring this place.
 F = Levels seen in this place.
 G = Mean time per level.
                   A        B        C        D        E       F      G
               +--------+--------+--------+--------+--------+-----+--------+
         Total |    327 |    327 |      0 |      0 |    246 |   1 |  327.0 |
       Dungeon |    327 |    327 |      0 |      0 |    246 |   1 |  327.0 |
               +--------+--------+--------+--------+--------+-----+--------+

Top non-repeatable levels by time:
     D:1: 327 daAuts
